 Dungeon Crawl Stone Soup version 0.27.1-3-gb3d3a73c9e (webtiles) character file.

Game seed: 11933738719392619487

523 ANNNA the Magician (level 7, -5/36 HPs)
             Began as a Deep Elf Venom Mage on Oct 22, 2021.
             Slain by a water moccasin skeleton (7 damage)
             ... on level 5 of the Dungeon.
             The game lasted 00:15:23 (7372 turns).

ANNNA the Magician (Deep Elf Venom Mage)            Turns: 7372, Time: 00:15:23

Health: -5/36      AC:  3    Str:  7    XL:     7   Next: 2%
Magic:  4/18       EV: 13    Int: 20    God:
Gold:   288        SH:  0    Dex: 15    Spells: 8/18 levels left

rFire    . . .     SeeInvis .   p - +2 dagger (speed)
rCold    . . .     Faith    .   (no shield)
rNeg     . . .     Spirit   .   a - +0 robe
rPois    .         Reflect  .   n - +0 helmet
rElec    .         Harm     .   (no cloak)
rCorr    .         Rampage  .   (no gloves)
Will     .....                  (no boots)
Stlth    ++........             (no amulet)
HPRegen  0.12/turn              (no ring)
MPRegen  0.16/turn              (no ring)

@: no status effects
A: no striking features
a: no special abilities


You were on level 5 of the Dungeon.
You visited 1 branch of the dungeon, and saw 5 of its levels.

You collected 288 gold pieces.

Inventory:

Hand Weapons
 p - a +2 dagger of speed (weapon)
Missiles
 f - 17 poisoned darts (quivered)
 i - 81 stones
Armour
 a - a +0 robe (worn)
 n - a +0 helmet (worn)
Scrolls
 c - a scroll of vulnerability {unknown}
 d - a scroll of enchant armour {unknown}
 e - 2 scrolls of magic mapping {unknown}
 j - 3 scrolls of identify {unknown}
 k - 3 scrolls of enchant weapon {unknown}
 m - a scroll of immolation {unknown}
 o - a scroll of teleportation {unknown}
 q - a scroll of silence {unknown}
Potions
 b - 3 potions of brilliance {unknown}
 g - a potion of haste {unknown}
 h - a potion of heal wounds {unknown}
 l - 3 potions of curing {unknown}
 r - a potion of cancellation {unknown}
 s - a potion of resistance {unknown}


   Skills:
 + Level 0.2 Fighting
 + Level 1.1 Short Blades
 + Level 3.0 Dodging
 + Level 3.4 Stealth
 + Level 6.0 Spellcasting
 + Level 2.8 Transmutations
 + Level 1.7 Air Magic
 + Level 5.8 Poison Magic


You had 8 spell levels left.
You knew the following spells:

 Your Spells              Type           Power      Damage    Failure   Level
a - Sting                 Tmut/Pois      92%        1d7       1%          1
b - Poisonous Vapours     Pois/Air       42%        N/A       3%          2
c - Mephitic Cloud        Conj/Pois/Air  16%        N/A       11%         3
d - Olgreb's Toxic Radia  Pois           29%        N/A       10%         4

Your spell library contained the following spells:

 Spells                   Type           Power      Damage    Failure   Level


Dungeon Overview and Level Annotations

Branches:
Dungeon (5/15)
 Temple: D:4-7

Altars:
Fedhas


Message History

Casting: Sting (safe; 1% risk of failure)
Confirm with . or Enter, or press ? or * to list all spells.
Aiming: Sting (safe; 1% risk of failure)
Press: ? - help, Shift-Dir - straight line, f/p - water moccasin skeleton
Aim: a water moccasin skeleton (heavily damaged, 82% to hit)
The sting hits the water moccasin skeleton.
The water moccasin skeleton partially resists.
The water moccasin skeleton is heavily damaged.
The water moccasin skeleton bites you.
Sorry, you're not good enough to have a special ability.
Casting: Sting (safe; 1% risk of failure)
Confirm with . or Enter, or press ? or * to list all spells.
You don't know that spell.
You hit the water moccasin skeleton.
The water moccasin skeleton is severely damaged.
The water moccasin skeleton bites you.
You hit the water moccasin skeleton.
The water moccasin skeleton is almost destroyed.
You closely miss the water moccasin skeleton.
The water moccasin skeleton is almost destroyed.
The water moccasin skeleton bites you but does no damage.
You hit the water moccasin skeleton.
The water moccasin skeleton is almost destroyed.
The water moccasin skeleton bites you.
You barely miss the water moccasin skeleton.
The water moccasin skeleton is almost destroyed.
The water moccasin skeleton bites you.
* * * LOW HITPOINT WARNING * * *
Casting: Sting (safe; 1% risk of failure)
Confirm with . or Enter, or press ? or * to list all spells.
Aiming: Sting (safe; 1% risk of failure)
Press: ? - help, Shift-Dir - straight line, f/p - water moccasin skeleton
Aim: a water moccasin skeleton (almost destroyed, 82% to hit)
The sting hits the water moccasin skeleton.
The water moccasin skeleton partially resists.
The water moccasin skeleton is almost destroyed.
The water moccasin skeleton bites you.
* * * LOW HITPOINT WARNING * * *
The water moccasin skeleton bites you!
You die...

###...# #.# #.....#########.###
#.....##...........
#....###.####.....# #....# #.#
##...## #....# #.# ##.##l
##...# #.## #.#.. ##....###..##
+#.#'y ###..@...##...###...##
#### ##....Z...).....†..8...
#..######..............###...##
#.....................## +#.#+.
########.............## #.#..
#.<...........# ##.##.
##......[.....# ##...##
###..>.........####.....#
##........................


You could see a water moccasin skeleton.

Vanquished Creatures
  Prince Ribbit (D:5)
  An ogre (D:5)
  A killer bee (D:5)
  3 iguanas
  A hound skeleton (D:4)
  5 adders
  A howler monkey skeleton (D:4)
  A dart slug (D:1)
  2 orcs
  10 ball pythons
  6 endoplasms
  A giant cockroach (D:1)
  9 goblins
  6 hobgoblins
  7 jackals
  6 quokkas
  5 bats
  5 kobolds
  5 rats
76 creatures vanquished.

Vanquished Creatures (others)
  2 plants (D:4)
2 creatures vanquished.

Grand Total: 78 creatures vanquished

Notes
Turn   | Place    | Note
-------+----------+-------------------------------------------
     0 | D:1      | ANNNA the Deep Elf Venom Mage began the quest for the Orb.
     0 | D:1      | Reached XP level 1. HP: 10/10 MP: 6/6
   928 | D:1      | Reached XP level 2. HP: 15/15 MP: 6/8
   941 | D:1      | Learned a level 2 spell: Poisonous Vapours
  1109 | D:1      | Found a faded altar of an unknown god.
  2281 | D:2      | Reached XP level 3. HP: 19/19 MP: 2/9
  2285 | D:2      | Learned a level 3 spell: Mephitic Cloud
  4442 | D:3      | Reached XP level 4. HP: 21/24 MP: 1/11
  4864 | D:4      | Found a blossoming altar of Fedhas.
  4913 | D:4      | Reached skill level 4 in Spellcasting
  4913 | D:4      | Reached skill level 1 in Air Magic
  5687 | D:4      | Reached XP level 5. HP: 28/28 MP: 3/13
  5692 | D:4      | Learned a level 4 spell: Olgreb's Toxic Radiance
  5953 | D:4      | Noticed a necrophage
  6562 | D:5      | Entered Level 5 of the Dungeon
  6950 | D:5      | Reached skill level 5 in Spellcasting
  6998 | D:5      | Noticed Prince Ribbit
  7017 | D:5      | Killed Prince Ribbit
  7018 | D:5      | Reached skill level 1 in Short Blades
  7018 | D:5      | Reached skill level 5 in Poison Magic
  7018 | D:5      | Reached XP level 6. HP: 32/32 MP: 1/16
  7254 | D:5      | Noticed a water moccasin
  7284 | D:5      | Reached skill level 6 in Spellcasting
  7284 | D:5      | Reached XP level 7. HP: 36/36 MP: 0/18
  7367 | D:5      | HP: 1/36 [water moccasin skeleton (5)]
  7372 | D:5      | Slain by a water moccasin skeleton

Illustrated notes

Levels and vault maps discovered:
D:1:      minmay_arrival_split_and_join, layout_loops_ring,
          ebering_ecumenical_altar_abandoned
D:2:      layout_loops_corners
D:3:      layout_loops_corners
D:4:      layout_loops_corners, fedhas_ov_isle_minmay, hangedman_minor_gate_pass
D:5:      cheibrodos_barr_body, layout_cave_pods, uniq_prince_ribbit1

Skill      XL: |  1  2  3  4  5  6 |
---------------+-------------------+-----
Poison Magic   | 4 5 |  5.8
Spellcasting   | 4 5 6 |  6.0
Air Magic      | 1 |  1.7
Stealth        | 3 |  3.4
Short Blades   | 1 |  1.1
Dodging        | 3 |  3.0
Transmutations | 2 |  2.8
Fighting       | |  0.2

Action                   |  1- 3 |  4- 6 |  7- 9 || total
-------------------------+-------+-------+-------++-------
Melee: Dagger            |    18 |    25 |     8 ||    51
Throw: Dart              |     5 |     2 |       ||     7
 Cast: Sting             |    63 |    28 |    10 ||   101
       Poisonous Vapours |    43 |    38 |       ||    81
       Mephitic Cloud    |       |     1 |       ||     1
       Olgreb's Toxic Ra |       |     1 |       ||     1
Armor: Robe              |     9 |     8 |     3 ||    20
Dodge: Dodged            |    55 |    21 |     5 ||    81
